 Dungeon Crawl Stone Soup version 0.25-a0-663-gace7076f2c (webtiles) character file.

Game seed: 2903639106504226500, levelgen mode: deterministic

384849 ReteAZ the Wrestler (level 22, -31/209 HPs)
             Began as a Ghoul Fighter on Mar 25, 2020.
             Was the Champion of Makhleb.
             Killed from afar by a lich (39 damage)
             ... with an iron shot
             ... on level 3 of the Depths.
             The game lasted 02:11:00 (44322 turns).

ReteAZ the Wrestler (Ghoul Fighter)                Turns: 44322, Time: 02:11:00

Health: -31/209    AC: 34    Str: 25    XL:     22   Next: 97%
Magic:  25/25      EV: 17    Int:  8    God:    Makhleb [******]
Gold:   9320       SH: 17    Dex: 16    Spells: 21/21 levels left

rFire    + . .     SeeInvis +     - Unarmed
rCold    + . .     Gourm    .   F - +2 kite shield
rNeg     + + +     Faith    .   P - +2 scale mail of Teewuq {Slay+3}
rPois    ∞         Spirit   .   e - +2 helmet
rElec    +         Reflect  .   f - +2 cloak {+Inv}
rCorr    .         Harm     .   h - +2 pair of gloves {Dex+3}
MR       +....                  Z - +2 pair of boots {run}
Stlth    ..........             M - macabre finger necklace {rN+}
HPRegen  0.00/turn              l - ring "Wujerrog" {rElec AC+2 Dex+5 SInv}
MPRegen  0.19/turn              O - +5 ring of protection
                                V - ring of the Will of the Gods {+Fly rElec rF+}

@: rotting, quick
A: rotting body, claws 1, carnivore, cold resistance 1, negative energy
resistance 3, inhibited regeneration, torment resistance, unbreathing
}: 2/15 runes: decaying, gossamer
a: Minor Destruction, Lesser Servant of Makhleb, Major Destruction, Greater
Servant of Makhleb, Renounce Religion, Evoke Invisibility, Evoke Flight


You were on level 3 of the Depths.
You worshipped Makhleb.
Makhleb was exalted by your worship.
You were not hungry.

You visited 8 branches of the dungeon, and saw 39 of its levels.
You also visited: Bailey and Wizlab.

You collected 10407 gold pieces.
You spent 1087 gold pieces at shops.

Inventory:

Hand Weapons
 T - a +5 scimitar of flaming
Missiles
 o - 4 javelins (quivered)
 y - 13 silver javelins
 H - 3 throwing nets
 U - 6 curare-tipped darts
Armour
 b - a +1 buckler of reflection
 e - a +2 helmet (worn)
 f - a +2 cloak of invisibility (worn)
 h - a +2 pair of gloves of dexterity (worn)
 u - a +2 leather armour of magic resistance
 F - a +2 kite shield (worn)
 P - the +2 scale mail of Teewuq (worn) {Slay+3}
   (You found it on level 3 of the Vaults)

   It affects your accuracy and damage with ranged weapons and melee attacks
   (+3).
 Q - +0 fire dragon scales
 S - a +2 plate armour of cold resistance
 Z - a +2 pair of boots of running (worn)
Jewellery
 l - the ring "Wujerrog" (left hand) {rElec AC+2 Dex+5 SInv}
   (You acquired it on level 2 of the Spider Nest)

   [ring of protection]

   It affects your AC (+2).
   It affects your dexterity (+5).
   It insulates you from electricity.
   It lets you see invisible.
 v - an uncursed ring of protection from cold
 M - the macabre finger necklace (around neck) {rN+}
   (You found it on level 2 of the Depths)

   [amulet of nothing]

   It protects you from negative energy.
 O - a +5 ring of protection (right hand)
 V - the ring of the Will of the Gods (on amulet) {+Fly rElec rF+}
   (You found it on level 6 of the Lair of Beasts)

   [ring of flight]

   It protects you from fire.
   It insulates you from electricity.
   It lets you fly.
Wands
 x - a wand of scattershot (6)
 B - a wand of disintegration (23)
 C - a wand of flame (83)
 E - a wand of paralysis (22)
 K - a wand of iceblast (11)
 L - a wand of clouds (5)
 N - a wand of digging (16)
Scrolls
 g - 2 scrolls of fear
 k - 12 scrolls of identify
 m - 8 scrolls of magic mapping
 r - 2 scrolls of summoning
 s - 6 scrolls of enchant armour
 t - 8 scrolls of teleportation
 w - 3 scrolls of fog
 A - a scroll of silence
 D - 13 scrolls of remove curse
 R - a scroll of torment
Potions
 c - 4 potions of might
 i - 10 potions of heal wounds
 j - 15 potions of curing
 n - 2 potions of haste
 p - 6 potions of resistance
 z - 9 potions of flight
 G - 2 potions of magic
 I - 6 potions of stabbing
 W - a potion of invisibility
 X - a potion of ambrosia
 Y - 4 potions of brilliance
Comestibles
 a - 11 chunks of flesh
 d - 60 rations


   Skills:
 - Level 20.0 Fighting
 - Level 6.0 Throwing
 * Level 16.0 Armour
 - Level 10.0 Dodging
 + Level 15.0 Shields
 - Level 23.0 Unarmed Combat
 - Level 6.0 Invocations
 - Level 5.0 Evocations


You had 21 spell levels left.
You didn't know any spells.
Your spell library contained the following spells:

 Spells                   Type           Power        Failure   Level  Hunger
 Infusion                 Chrm           #...         61%         1    ##.....
 Magic Dart               Conj           #...         61%         1    ##.....
 Sandblast                Erth           #.....       61%         1    ##.....
 Sting                    Tmut/Pois      #...         61%         1    ##.....
 Blink                    Tloc           N/A          75%         2    ###....
 Call Imp                 Summ           #.......     75%         2    ###....
 Corpse Rot               Necr/Air       N/A          75%         2    ###....
 Passwall                 Tmut/Erth      #.......     75%         2    ###....
 Poisonous Vapours        Pois/Air       #.....       75%         2    ###....
 Searing Ray              Conj           #.....       75%         2    ###....
 Shroud of Golubria       Chrm/Tloc      #.....       75%         2    ###....
 Slow                     Hex            #.......     75%         2    ###....
 Song of Slaying          Chrm           #.......     75%         2    ###....
 Confusing Touch          Hex            #.......     93%         3    ####...
 Conjure Flame            Conj/Fire      #.......     93%         3    ####...
 Dazzling Flash           Conj/Hex       #.....       93%         3    ####...
 Gell's Gravitas          Tloc           #.........   93%         3    ####...
 Ignite Poison            Fire/Tmut/Pois #.......     93%         3    ####...
 Mephitic Cloud           Conj/Pois/Air  #.......     93%         3    ####...
 Ozocubu's Armour         Chrm/Ice       #.......     93%         3    ####...
 Portal Projectile        Hex/Tloc       #.....       93%         3    ####...
 Spectral Weapon          Hex/Chrm       #.......     93%         3    ####...
 Stone Arrow              Conj/Erth      #.....       93%         3    ####...
 Fulminant Prism          Conj/Hex       #.........   100%        4    #####..
 Iskenderun's Mystic Bla  Conj/Tloc      #.......     100%        4    #####..
 Olgreb's Toxic Radiance  Pois           #.......     100%        4    #####..
 Petrify                  Tmut/Erth      #.......     100%        4    #####..
 Bolt of Magma            Conj/Fire/Erth #.........   100%        5    ######.
 Iskenderun's Battlesphe  Conj/Chrm      #.......     100%        5    ######.
 Lee's Rapid Deconstruct  Erth           #.........   100%        5    ######.
 Lightning Bolt           Conj/Air       #.........   100%        5    ######.
 Metabolic Englaciation   Hex/Ice        #.........   100%        5    ######.
 Yara's Violent Unravell  Hex/Tmut       #.........   100%        5    ######.
 Dispersal                Tloc           #.........   100%        6    #######
 Freezing Cloud           Conj/Ice/Air   #.........   100%        6    #######
 Iron Shot                Conj/Erth      #.........   100%        6    #######
 Orb of Destruction       Conj           #.........   100%        7    #######
 Ring of Flames           Chrm/Fire      #.........   100%        7    #######
 Spellforged Servitor     Conj/Summ      #.........   100%        7    #######
 Controlled Blink         Tloc           N/A          100%        8    #######
 Disjunction              Tloc           #.........   100%        8    #######
 Tornado                  Air            #.........   100%        9    #######


Dungeon Overview and Level Annotations

Branches:
Dungeon (15/15)            Temple (1/1) D:6            Lair (6/6) D:9
  Swamp (4/4) Lair:2       Spider (4/4) Lair:3        Slime (0/5) Lair:5
    Orc (2/2) D:11            Elf (0/3) Orc:2        Vaults (4/5) D:13
  Crypt (0/3) Vaults:3     Depths (3/5) D:15         Bailey (visited)
 WizLab (visited)

Altars:
Ashenzari
Dithmenos
Elyvilon
Fedhas
Gozag
Kikubaaqudgha
Makhleb
Nemelex Xobeh
Okawaru
Qazlal
Ru
Trog
Uskayaw
Vehumet
Wu Jian
Xom
Yredelemnul
The Shining One
Beogh
Jiyva

Shops:
D:5 *   D:6 (   D:11 !:([   D:12 !   Orc:1 [   Orc:2 ![(*   Vaults:1 [
Vaults:3 *

Portals:
Hell: Depths:1 Depths:2
Ziggurat: Depths:1
Trove: Vaults:2 (show abyssal rune of Zot)

Annotations:
D:7 4 runed translucent doors
Lair:4 exclusion: 3 oklob plants
Lair:6 exclusion: oklob plant
Depths:2 4 runed translucent doors, Haet's ghost, master GrEE


Innate Abilities, Weirdness & Mutations

Your body is rotting away.
You thrive on raw meat.
You are immune to poison.
You have sharp fingernails.
You are carnivorous and can eat meat at any time.
Your flesh is cold resistant. (rC+)
You are immune to negative energy. (rN+++)
You do not regenerate when monsters are visible.
You are immune to unholy pain and torment.
You can survive without breathing.


Message History

The stone giant hits you but does no damage.
The stone giant hits you!
* * * LOW HITPOINT WARNING * * *
You turn to flesh and can move again.
Unknown command.
Unknown command.
Okay, then.
As you read the scroll of fear, it crumbles to dust.
You assume a fearsome visage.
The Ice Fiend is unaffected.
The lorocyproca is unaffected.
The stone giant looks frightened!
The lich is unaffected.
The stone giant looks frightened!
The floating eye looks frightened!
The fire giant looks frightened!
The lich is unaffected.
The vampire knight is unaffected.
You block the Ice Fiend's attack. The Ice Fiend claws you.
* * * LOW HITPOINT WARNING * * *
The Ice Fiend freezes you!! You resist.
* * * LOW HITPOINT WARNING * * *
The lich casts a spell at you. The iron shot hits you!!!
You die...

### #########.##
###..#..#....##
.#.....≈......#
......≈≈≈≈≈...# .#
......≈.....#######....
..............(.....≈..
............###.###...
.....<.....##..C@1##
..........##?..CLLC##
.........#####..2G).#
.........# ####.)V.#
.........# ###..#
.....##... ...# .....
...#. ..#.. .#..# ## #.


You could see an Ice Fiend, a fire giant (fleeing), 2 stone giants, 2 liches, a
lorocyproca (invisible), a vampire knight and a floating eye (fleeing).

Vanquished Creatures
  Boris (Vaults:2)
  the Lernaean hydra (Swamp:4)
  Xtahua (Vaults:3)
  Saint Roka (Orc:2)
  Nikola (Swamp:3)
  A Cloud Mage (WizLab)
  3 liches
  Jorgrun (Orc:1)
  3 sphinxes
  A shadow dragon (Depths:2)
  Kirke (D:14)
  6 tengu reavers
  11 frost giants
  3 ghost moths (Spider:4)
  5 emperor scorpions
  7 fire giants
  Aizul (Spider:4)
  7 vault wardens
  2 ghouls (Vaults:3)
  A curse skull (Vaults:3)
  3 war gargoyles
  13 stone giants
  A very ugly thing (Vaults:3)
  15 ironheart preservers
  2 deep elf demonologists
  5 entropy weavers
  A vampire knight (Depths:2)
  A deep elf annihilator (Vaults:4)
  Nessos (D:12)
  Azrael (D:14)
  11 spark wasps
  8 ettins
  A deep elf death mage (Vaults:2)
  A blizzard demon (WizLab)
  Fannar (D:12)
  Josephine (D:11)
  7 yaktaur captains
  4 fire dragons
  7 great orbs of eyes
  4 rakshasas
  6 vault guards (Vaults:3)
  20 hydras
  5 spriggan air magi
  4 ice dragons
  6 ghost crabs
  Harold (D:7)
  2 shambling mangroves
  An anaconda (shapeshifter) (D:15)
  A dancing weapon (Vaults:4)
  11 alligators
  17 centaur warriors
  3 deep troll shamans
  14 ogre magi
  24 two-headed ogres
  5 deep troll earth magi
  2 shock serpents (WizLab)
  2 vampire magi (Vaults:3)
  8 death scarabs (Spider:4)
  5 deep elf knights
  12 tengu warriors
  2 spriggan berserkers
  19 hell knights
  23 slime creatures
  2 shadow wraiths (Vaults:2)
  A spectral emperor scorpion (Spider:4)
  3 unseen horrors
  A spriggan druid (Swamp:3)
  4 glowing orange brains
  8 wizards
  A sea snake (shapeshifter) (Vaults:3)
  16 deep trolls
  9 swamp dragons
  A flayed ghost (Depths:1)
  4 death drakes (WizLab)
  A lindwurm (Lair:4)
  A tengu zombie (Vaults:4)
  3 spectral wolf spiders (Spider:4)
  6 deep elf archers
  10 orc knights
  A sphinx zombie (Vaults:4)
  9 ironbrand convokers
  2 wolf spider zombies
  13 deep elf magi
  6 harpies
  A lindwurm (shapeshifter) (D:14)
  3 phantasmal warriors
  2 human zombies
  An orb spider (shapeshifter) (Vaults:2)
  10 necromancers
  55 ugly things
  15 orb spiders
  23 wolf spiders
  A salamander (shapeshifter) (Vaults:1)
  2 manticores
  4 orc sorcerers
  A centaur zombie (D:12)
  2 human skeletons (Vaults:2)
  Joseph (D:7)
  A sphinx skeleton (Vaults:4)
  A salamander (Depths:1)
  2 moths of wrath (Spider:4)
  4 cyclopes
  A black mamba (shapeshifter) (Depths:2)
  A torpor snail (Spider:1)
  A guardian serpent (Vaults:3)
  A smoke demon (Depths:1)
  6 black mambas
  A guardian serpent (shapeshifter) (Vaults:4)
  11 vault sentinels
  4 centaur skeletons
  13 spiny frogs
  A redback zombie (Spider:4)
  2 kobold demonologists (D:13)
  3 spectral redbacks (Spider:4)
  11 demonic crawlers
  30 yaktaurs
  8 komodo dragons
  An efreet (D:11)
  A merfolk (shapeshifter) (D:13)
  A tengu conjurer (Depths:2)
  A hellwing (Depths:1)
  30 jumping spiders
  5 freezing wraiths
  A queen bee (shapeshifter) (Vaults:2)
  3 trolls
  2 jumping spiders (shapeshifter)
  A hornet (shapeshifter) (Vaults:2)
  A queen bee (D:10)
  10 tyrant leeches
  3 wind drakes (WizLab)
  2 spectral jumping spiders (Spider:4)
  2 spectral tarantellas (Spider:4)
  5 bog bodies
  18 hornets
  11 hippogriffs
  5 polar bears
  2 hippogriffs (shapeshifter)
  9 dream sheep (Lair:6)
  13 blink frogs
  A jumping spider zombie (Spider:4)
  A human simulacrum (Vaults:2)
  3 tarantella zombies (Spider:4)
  18 spriggans
  A vampire (D:12)
  9 air elementals (WizLab)
  66 redbacks
  7 wraiths
  A spriggan (shapeshifter) (D:15)
  4 shadows
  56 yaks
  Eustachio (D:4)
  2 tarantellas (shapeshifter)
  33 tarantellas
  7 wyverns
  6 basilisks
  3 hogs (D:14)
  11 water elementals (Depths:2)
  A human (shapeshifter) (Vaults:2)
  A yaktaur simulacrum (Vaults:1)
  2 steam dragons (D:6)
  3 fire elementals (D:14)
  A human (D:14)
  A hungry ghost (D:7)
  25 vampire mosquitoes
  3 wargs
  A swamp worm (shapeshifter) (Depths:1)
  18 swamp worms
  2 acid dragons (Vaults:2)
  14 insubstantial wisps
  A deep troll skeleton (Vaults:2)
  4 hell hounds
  8 porcupines
  13 water moccasins
  2 spectral hornets (Spider:4)
  2 slaves
  49 orc warriors
  2 eyes of draining
  11 swamp drakes
  A sky beast (D:6)
  4 ice beasts
  2 black bears (Lair:6)
  4 phantoms
  An eye of draining (shapeshifter) (D:15)
  5 necrophages
  4 hornet zombies
  8 boggarts
  36 ogres
  23 wolves
  28 centaurs
  15 crocodiles
  A big kobold (shapeshifter) (D:15)
  20 bullfrogs
  A bullfrog (shapeshifter) (D:15)
  A gnoll sergeant (Orc:1)
  A wyvern skeleton (D:12)
  8 scorpions
  23 killer bees (D:10)
  9 howler monkeys
  12 wights
  3 electric eels
  7 crimson imps
  A quasit (D:8)
  5 jellies
  3 hounds
  3 bullfrog zombies
  3 gnoll shamans
  27 orc priests
  A bullfrog skeleton (D:8)
  9 iguanas
  9 worker ants
  24 orc wizards
  2 hound skeletons
  A hound zombie (D:6)
  18 gnolls
  11 adders
  A river rat (Lair:1)
  3 shadow imps
  An ooze (D:3)
  2 adder zombies (D:5)
  3 worms (D:3)
  A dart slug (D:2)
  4 leopard geckos
  139 orcs
  9 bats
  6 giant cockroaches
  14 goblins
  5 hobgoblins
  6 kobolds
  6 quokkas
  2 ball pythons
  5 frilled lizards
  A jackal skeleton (D:4)
  A leopard gecko zombie (D:6)
  A quokka skeleton (D:7)
  9 rats
1738 creatures vanquished.

Vanquished Creatures (collateral kills)
  An orb spider (Spider:4)
  A jumping spider (Spider:1)
  A tarantella zombie (Spider:4)
  A redback (Spider:1)
  2 wolves (Lair:6)
6 creatures vanquished.

Vanquished Creatures (others)
  A lich (Depths:2)
  A stone giant (Vaults:3)
  A fire dragon (Vaults:2)
  A yaktaur captain (Vaults:3)
  A spriggan air mage (WizLab)
  2 death drakes (WizLab)
  A spriggan druid (Swamp:4)
  A harpy (shapeshifter) (Vaults:2)
  An ironbrand convoker (Vaults:4)
  A slime creature (Swamp:2)
  2 air elementals (WizLab)
  A hog (D:14)
  2 ogres
  3 humans
  An orc (Vaults:2)
  13 fungi
  7 plants
  2 withered plants (Depths:2)
42 creatures vanquished.

Grand Total: 1786 creatures vanquished

Notes
Turn   | Place    | Note
-------+----------+-------------------------------------------
     0 | D:1      | ReteAZ the Ghoul Fighter began the quest for the Orb.
     0 | D:1      | Reached XP level 1. HP: 19/19 MP: 0/0
   183 | D:1      | Reached XP level 2. HP: 22/26 MP: 1/1
   823 | D:2      | Reached XP level 3. HP: 22/31 MP: 2/2
   833 | D:2      | Reached skill level 3 in Unarmed Combat
  1101 | D:2      | Found a sparkling altar of Nemelex Xobeh.
  1198 | D:2      | Found an ancient bone altar of Kikubaaqudgha.
  1217 | D:2      | Reached XP level 4. HP: 38/40 MP: 3/3
  1218 | D:2      | Noticed a human
  1219 | D:2      | Killed a human
  1452 | D:2      | Reached XP level 5. HP: 33/46 MP: 4/4
  1528 | D:2      | Reached skill level 4 in Unarmed Combat
  1794 | D:3      | Found an opulent altar of Gozag.
  1840 | D:3      | Reached skill level 1 in Dodging
  1840 | D:3      | Reached XP level 6. HP: 50/52 MP: 5/5
  2008 | D:3      | Found a shimmering altar of Xom.
  2533 | D:4      | Noticed a phantom
  2570 | D:4      | Killed a phantom
  2570 | D:4      | Reached skill level 5 in Unarmed Combat
  2674 | D:4      | Reached XP level 7. HP: 57/60 MP: 6/6
  2675 | D:4      | Noticed Eustachio
  2736 | D:4      | Killed Eustachio
  3524 | D:5      | Entered Level 5 of the Dungeon
  3614 | D:5      | Noticed Pikel
  3754 | D:5      | Found Xizitituc's Assorted Antiques.
  3765 | D:5      | Bought a brightly glowing leather armour for 175 gold
                  | pieces
  3765 | D:5      | Identified the cursed +0 leather armour "Noivimie" {Int+3}
                  | (You bought it in a shop on level 5 of the Dungeon)
  3870 | D:5      | Noticed Pikel
  3870 | D:5      | Pikel changed into Pikel the wyvern
  3878 | D:5      | Killed Pikel the wyvern
  3878 | D:5      | Reached skill level 5 in Fighting
  3878 | D:5      | Reached skill level 6 in Unarmed Combat
  3878 | D:5      | Reached XP level 8. HP: 61/68 MP: 7/7
  4277 | D:5      | Found a white marble altar of Elyvilon.
  4399 | D:6      | Reached skill level 7 in Unarmed Combat
  4776 | D:6      | Reached skill level 5 in Shields
  4791 | D:6      | Found Ucre's Antique Weapon Boutique.
  4929 | D:6      | Found a glowing golden altar of the Shining One.
  4946 | D:6      | Reached skill level 5 in Armour
  5019 | D:6      | Found a staircase to the Ecumenical Temple.
  5033 | Temple   | Entered the Ecumenical Temple
  5050 | Temple   | Became a worshipper of Makhleb the Destroyer
  5288 | D:6      | Reached skill level 8 in Unarmed Combat
  5288 | D:6      | Reached XP level 9. HP: 70/74 MP: 8/8
  5739 | D:7      | Found a radiant altar of Vehumet.
  5939 | D:7      | Reached skill level 9 in Unarmed Combat
  6066 | D:7      | Noticed Joseph
  6102 | D:7      | Killed Joseph
  6102 | D:7      | Reached skill level 5 in Dodging
  6102 | D:7      | Reached skill level 10 in Unarmed Combat
  6138 | D:7      | Reached * piety under Makhleb
  6203 | D:7      | Found a huge runed translucent gate.
  6203 | D:7      | Found a huge runed translucent gate.
  6204 | D:7      | Found a basalt altar of Yredelemnul.
  6205 | D:7      | Noticed a manticore
  6295 | D:7      | Noticed a polar bear
  6296 | D:7      | Found a huge runed translucent gate.
  6296 | D:7      | Noticed a polar bear
  6297 | D:7      | Found a huge runed translucent gate.
  6297 | D:7      | Noticed a polar bear
  6297 | D:7      | Noticed a death yak
  6297 | D:7      | Noticed a death yak
  6297 | D:7      | Noticed a polar bear
  6297 | D:7      | Noticed a polar bear
  6297 | D:7      | Noticed a polar bear
  6298 | D:7      | Noticed a polar bear
  6333 | D:7      | Noticed Harold
  6347 | D:7      | Killed Harold
  6347 | D:7      | Reached skill level 11 in Unarmed Combat
  6347 | D:7      | Reached XP level 10. HP: 50/81 MP: 9/9
  6822 | D:8      | Reached skill level 12 in Unarmed Combat
  6855 | D:8      | Found a shattered altar of Ashenzari.
  7037 | D:8      | Reached ** piety under Makhleb
  7213 | D:9      | Found an iron altar of Okawaru.
  7418 | D:9      | Reached skill level 13 in Unarmed Combat
  7431 | D:9      | Found a flagged portal.
  7440 | Bailey   | Entered a bailey
  7577 | Bailey   | Noticed an orc knight
  7587 | Bailey   | Killed an orc knight
  7621 | Bailey   | Found a burning altar of Makhleb.
  7786 | D:9      | Reached skill level 14 in Unarmed Combat
  7786 | D:9      | Reached XP level 11. HP: 76/86 MP: 10/10
  7840 | D:9      | Found a staircase to the Lair.
  8224 | D:10     | Entered Level 10 of the Dungeon
  8292 | D:10     | Reached *** piety under Makhleb
  8383 | D:10     | Reached skill level 15 in Unarmed Combat
  8505 | D:10     | Noticed a two-headed ogre
  8516 | D:10     | Killed a two-headed ogre
  8910 | D:10     | Reached **** piety under Makhleb
  8990 | D:10     | Reached skill level 16 in Unarmed Combat
  9074 | D:11     | Noticed a red ugly thing
  9099 | Lair:1   | Entered Level 1 of the Lair of Beasts
  9473 | Lair:1   | Reached skill level 1 in Invocations
  9490 | Lair:1   | Reached XP level 12. HP: 68/95 MP: 11/11
  9498 | Lair:1   | Reached skill level 1 in Evocations
  9526 | Lair:1   | Reached ***** piety under Makhleb
  9989 | Lair:2   | Noticed an eight-headed hydra
 10001 | Lair:2   | Killed an eight-headed hydra
 10109 | Lair:2   | Noticed a five-headed hydra
 10109 | Lair:2   | Noticed a four-headed hydra
 10140 | Lair:2   | Killed a five-headed hydra
 10165 | Lair:2   | Killed a four-headed hydra
 10292 | Lair:2   | Found a staircase to the Swamp.
 11199 | Lair:3   | Found a hole to the Spider Nest.
 11325 | Lair:3   | Reached XP level 13. HP: 105/105 MP: 15/15
 12199 | Lair:4   | Reached skill level 5 in Invocations
 13254 | Lair:5   | Found a viscous altar of Jiyva.
 13254 | Lair:5   | Found a staircase to the Slime Pits.
 13636 | Lair:6   | Entered Level 6 of the Lair of Beasts
 14173 | Lair:6   | Reached ****** piety under Makhleb
 14173 | Lair:6   | Reached skill level 5 in Evocations
 14410 | Lair:6   | Reached XP level 14. HP: 105/115 MP: 14/17
 14462 | Lair:6   | Got a clouded lead ring
 14463 | Lair:6   | Identified the ring of the Will of the Gods {+Fly rElec
                  | rF+} (You found it on level 6 of the Lair of Beasts)
 14546 | Lair:6   | Reached skill level 10 in Armour
 15597 | D:11     | Found a staircase to the Orcish Mines.
 15609 | D:11     | Noticed Josephine
 15627 | D:11     | Killed Josephine
 15627 | D:11     | Reached skill level 17 in Unarmed Combat
 15732 | D:11     | Found Coyriceng's Book Shoppe.
 15762 | D:11     | Found Yniunn's Weapon Emporium.
 15816 | D:11     | Found Xefeusya's Antique Armour Emporium.
 16316 | D:11     | Found Gaxkoajo's Distillery.
 16334 | D:11     | Bought a potion of curing for 42 gold pieces
 16334 | D:11     | Bought a potion of might for 56 gold pieces
 16334 | D:11     | Bought a potion of heal wounds for 70 gold pieces
 17088 | D:12     | Noticed Fannar
 17114 | D:12     | Killed Fannar
 17114 | D:12     | Reached skill level 18 in Unarmed Combat
 17329 | D:12     | Reached skill level 1 in Throwing
 17332 | D:12     | Found Zuyduh's Distillery.
 17484 | D:12     | Noticed Nessos
 17494 | D:12     | Killed Nessos
 17667 | D:13     | Reached XP level 15. HP: 123/123 MP: 13/18
 17702 | D:13     | Found a gate to the Vaults.
 17738 | D:13     | You fall into a shaft and drop 1 floor!
 18211 | D:13     | Found a burning altar of Makhleb.
 18662 | D:14     | Noticed Azrael
 18698 | D:14     | Killed Azrael
 18719 | D:14     | Noticed Kirke
 18730 | D:14     | Noticed a sphinx
 18732 | D:14     | Killed Kirke
 19163 | D:15     | Entered Level 15 of the Dungeon
 19344 | D:15     | Found a staircase to the Depths.
 20073 | Orc:1    | Entered Level 1 of the Orcish Mines
 20257 | Orc:1    | Found Beugeloi's Antique Armour Boutique.
 20257 | Orc:1    | Noticed Jorgrun
 20277 | Orc:1    | Killed Jorgrun
 20303 | Orc:1    | Bought a pair of glowing boots for 187 gold pieces
 20308 | Orc:1    | Identified a +0 pair of boots of running (You bought it in
                  | a shop on level 1 of the Orcish Mines)
 20795 | Orc:2    | Entered Level 2 of the Orcish Mines
 20795 | Orc:2    | Found a staircase to the Elven Halls.
 21148 | Orc:2    | Found a roughly hewn altar of Beogh.
 21425 | Orc:2    | Found a roughly hewn altar of Beogh.
 21426 | Orc:2    | Found Mudgh's Distillery.
 21606 | Orc:2    | Found a roughly hewn altar of Beogh.
 21630 | Orc:2    | Found Soomam Ofoem's General Store.
 21646 | Orc:2    | Bought a scroll of teleportation for 33 gold pieces
 22208 | Orc:2    | Noticed Saint Roka
 22246 | Orc:2    | Killed Saint Roka
 22246 | Orc:2    | Reached skill level 10 in Fighting
 22246 | Orc:2    | Reached skill level 5 in Throwing
 22246 | Orc:2    | Reached XP level 16. HP: 55/133 MP: 7/19
 22326 | Orc:2    | Found Ekkarucu's Antique Armour Boutique.
 22327 | Orc:2    | Found a roughly hewn altar of Beogh.
 22332 | Orc:2    | Found Sixuwal's Antique Weapon Shop.
 22507 | Swamp:1  | Entered Level 1 of the Swamp
 22672 | Swamp:1  | Got an encrusted cloak
 22683 | Swamp:1  | Identified the +0 cloak "Domu" {Str+3} (You found it on
                  | level 1 of the Swamp)
 23611 | Swamp:2  | Found a hide-covered altar of Uskayaw.
 23929 | Swamp:2  | Reached skill level 10 in Shields
 24002 | Swamp:2  | Reached skill level 10 in Dodging
 24440 | Swamp:3  | Noticed Nikola
 24504 | Swamp:3  | Killed Nikola
 25203 | Spider:1 | Entered Level 1 of the Spider Nest
 25903 | Spider:1 | Reached skill level 19 in Unarmed Combat
 26230 | Spider:1 | Identified a scroll of acquirement
 26649 | Spider:2 | Reached XP level 17. HP: 140/140 MP: 18/20
 26908 | Spider:2 | Identified the ring "Wujerrog" {rElec AC+2 Dex+5 SInv} (You
                  | acquired it on level 2 of the Spider Nest)
 28063 | Spider:2 | Reached skill level 20 in Unarmed Combat
 29223 | Swamp:4  | Entered Level 4 of the Swamp
 29879 | Swamp:4  | Identified the +3 leather armour "Kusevvin" {Dex+3} (You
                  | found it on level 4 of the Swamp)
 30484 | Swamp:4  | Noticed the 27-headed Lernaean hydra
 30498 | Swamp:4  | Killed the 27-headed Lernaean hydra
 30510 | Swamp:4  | Got a decaying rune of Zot
 31048 | Vaults:1 | Entered Level 1 of the Vaults
 31140 | Vaults:1 | Reached XP level 18. HP: 112/151 MP: 10/21
 31201 | Vaults:1 | Found Xicehaih's Antique Armour Emporium.
 31211 | Vaults:1 | Bought a glowing cloak for 262 gold pieces
 31211 | Vaults:1 | Bought a pair of runed gloves for 262 gold pieces
 31963 | Vaults:1 | Paralysed by a sphinx for 4 turns
 32665 | Vaults:2 | Noticed Boris
 32705 | Vaults:2 | Killed Boris
 32943 | Vaults:2 | Paralysed by an ogre mage for 5 turns
 33013 | Vaults:2 | Reached skill level 15 in Armour
 33169 | Vaults:2 | Noticed an Ice Fiend
 33390 | Vaults:2 | Reached XP level 19. HP: 137/160 MP: 16/22
 33468 | Vaults:2 | Found a portal to a secret trove of treasure.
 34515 | Spider:4 | Entered Level 4 of the Spider Nest
 34844 | Spider:4 | Noticed Aizul
 34863 | Spider:4 | Killed Aizul
 36271 | Spider:4 | Got a gossamer rune of Zot
 36660 | Vaults:3 | Noticed Xtahua
 36661 | Vaults:3 | Paralysed by a wizard for 2 turns
 36680 | Vaults:3 | Killed Xtahua
 36848 | Vaults:3 | Found a staircase to the Crypt.
 36960 | Vaults:3 | Reached XP level 20. HP: 168/168 MP: 23/23
 37061 | Vaults:3 | Reached skill level 15 in Shields
 37345 | Vaults:3 | Paralysed by a sphinx for 6 turns
 37762 | Vaults:3 | Reached skill level 21 in Unarmed Combat
 37803 | Vaults:3 | Found Zatun's Assorted Antiques.
 37858 | Vaults:3 | Got a ruby-encrusted scale mail
 37869 | Vaults:3 | Identified the +2 scale mail of Teewuq {Slay+3} (You found
                  | it on level 3 of the Vaults)
 38183 | Vaults:3 | Identified the cursed +1 leather armour of Feasting {+Fly
                  | rElec rPois rC+} (You found it on level 3 of the Vaults)
 38756 | Vaults:4 | HP: 6/173 [ettin/+3 dire flail (27)]
 38886 | Vaults:4 | Reached XP level 21. HP: 79/181 MP: 6/24
 39166 | Vaults:4 | Reached skill level 22 in Unarmed Combat
 39444 | Vaults:4 | Reached skill level 15 in Fighting
 40059 | Depths:1 | Entered Level 1 of the Depths
 40176 | Depths:1 | Found a gateway to a ziggurat.
 40859 | Depths:1 | Paralysed by a great orb of eyes for 6 turns
 41103 | Depths:1 | Found a gateway to Hell.
 41259 | Depths:2 | Found a shattered altar of Ashenzari.
 41538 | Depths:2 | Reached XP level 22. HP: 196/196 MP: 25/25
 41566 | Depths:2 | Reached skill level 23 in Unarmed Combat
 41637 | Depths:2 | Found a runed translucent gate.
 41637 | Depths:2 | Found a runed translucent gate.
 41637 | Depths:2 | Found a runed translucent gate.
 41680 | Depths:2 | Found the macabre finger necklace {rN+}
 41751 | Depths:2 | Found a runed translucent gate.
 41751 | Depths:2 | Found a runed translucent gate.
 41751 | Depths:2 | Found a runed translucent gate.
 41823 | Depths:2 | Found a magical portal.
 42513 | WizLab   | Identified the Volume of Weightlessness
 42754 | Depths:2 | Identified the +4 plate armour of Narchi {Dex+2}
 42884 | Depths:2 | Found a runed translucent door.
 42884 | Depths:2 | Noticed Haet's ghost (master GrEE)
 43757 | Depths:2 | Paralysed by a great orb of eyes for 7 turns
 44267 | Depths:3 | Paralysed by a great orb of eyes for 3 turns
 44293 | Depths:3 | Paralysed by a floating eye for 2 turns
 44307 | Depths:3 | Paralysed by a floating eye for 2 turns
 44320 | Depths:3 | Paralysed by a floating eye for 2 turns
 44322 | Depths:3 | HP: 8/209 [Ice Fiend[a lich] (19)]
 44322 | Depths:3 | Killed from afar by a lich

Levels and vault maps discovered:
D:1:      sevenhm_arrival_forest_fort_large_1, layout_rooms,
          serial_co_window_serial, co_window_corner_a, co_window_paths_b,
          co_window_paths_b, co_window_corner_a, co_window_corner_a,
          co_window_2corner, co_window_cross_3, co_window_cross_3,
          co_window_corner_cb, glass_columns_a, glass_columns_b,
          glass_columns_b, glass_columns_a, glass_columns_a
D:2:      layout_rooms, nemelex_altar_shiori, serial_glass, glass_columns_a,
          glass_columns_a, tgw_kikubaaqudgha
D:3:      layout_rooms, nicolae_overflow_crystal_walls, grunt_gozag_breadcrumbs,
          minmay_misc_feat_diagonals
D:4:      layout_basic, hangedman_abyss_or_decor_stagger, minmay_distorted,
          uniq_eustachio
D:5:      layout_loops_ring, elyvilon_altar_5, serial_shops,
          nicolae_shop_overgrown_old_shop, first_ration,
          kennysheep_generic_room_15, uniq_pikel
D:6:      kennysheep_steamy, layout_basic, tso_metal_star,
          minmay_temple_entry_purple_smoke, serial_shops, nicolae_shop_stone
D:7:      lemuel_bear_cage, layout_loops_ring, lemuel_round_altar,
          overflow_temple_1_default, uniq_joseph, uniq_harold
D:8:      layout_basic, lemuel_doored_altar, uniq_maurice
D:9:      layout_loops_ring, lemuel_crystal_altar, david_lair_shrubbed,
          enter_bailey_3, grunt_pizzeria
D:10:     layout_rooms, special_room [special_room_bee]
D:11:     layout_loops_corners, david_orc_2, serial_shops,
          nicolae_shop_waterfront, nicolae_shop_overgrown_old_shop,
          nicolae_shop_temple_entry_statues_fountains, shop, uniq_josephine
D:12:     layout_loops_ring, special_room [special_room_orc], serial_shops,
          shop, drop_trap, uniq_fannar, uniq_nessos
D:13:     layout_long_grid, david_vaults_2, basic_altar, minmay_misc_feat_plants
D:14:     layout_loops_ring, minmay_staircase_bubble, uniq_azrael, uniq_kirke
D:15:     hangedman_depths_entry_civil_slaughter, layout_basic,
          serial_bayou_pond_a, minmay_puff
Temple:   dshaligram_water_room_temple
Lair:1:   layout_misc_corridors, pond
Lair:2:   layout_cave_pods, palyth_hydra_swamp_entry, roderic_carrion_pond
Lair:3:   layout_gridlike, nicolae_spider_entry_tight_spaces
Lair:4:   layout_gridlike, minivault_27, minmay_lair_oklob_chamber
Lair:5:   layout_roguey, dpeg_slime_entry_enclosed_altar
Lair:6:   minmay_lair_end_enchanted_forest, layout_misc_corridors, st_stairs_5,
          minmay_lair_oklob_bushes, lemuel_fruit_fields, serial_bayou_shore_a
Swamp:1:  layout_falls_marsh, hangedman_swamp_lotus, swamp_pool5,
          nicolae_swamp_dense_foliage, infiniplex_staircase_pool
Swamp:2:  layout_basic_swamp, hangedman_swamp_pad, swamp_pool3,
          lemuel_altar_in_water
Swamp:3:  layout_basic_swamp, nicolae_swamp_very_dense_foliage, uniq_nikola
Swamp:4:  swamp_basic_johnstein, layout_basic_swamp
Spider:1: layout_spider_delve, hangedman_spider_trapstep
Spider:2: layout_chambers
Spider:3: layout_spider_delve, nicolae_crawler_farm
Spider:4: floodkiller_spider_rune_tomb, uniq_aizul
Orc:1:    nicolae_orc_accident_3, layout_caves, serial_shops,
          nicolae_shop_overgrown_old_shop, uniq_jorgrun
Orc:2:    grunt_orc_community_town_hall, layout_caves,
          grunt_orc_community_big_house_1, grunt_orc_community_big_house_2,
          grunt_orc_community_house_2, grunt_orc_community_house_1,
          grunt_orc_community_house_2, grunt_orc_community_house_2
Vaults:1: vaults_dpeg_ring, grunt_vaults_twisty, nicolae_vaults_network_barrier,
          v_misc_22, vaults_dpeg_hooks, v_misc_5, nicolae_vaults_circle_grid_a,
          vaults_dpeg_cross, st_lines, layout_vaults_quadrants, serial_shops,
          nicolae_shop_overgrown_old_shop
Vaults:2: v_misc_17, hangedman_vaults_stagger, nicolae_vaults_octagons,
          v_misc_8, hangedman_vaults_stream, vaults_room_fancy_cross,
          v_pattern_5, vaults_standard_mumra_lines,
          nicolae_vaults_yaktaur_gun_rack, hangedman_vaults_pinch,
          hangedman_vaults_corner_blocks, nicolae_vaults_little_squares_6,
          layout_vaults_omnicross, nicolae_trove_entry_crossroad, uniq_boris
Vaults:3: nicolae_vaults_network_quincunx
          [nicolae_vaults_network_quincunx_subvault,
          nicolae_vaults_network_quincunx_subvault,
          nicolae_vaults_network_quincunx_subvault,
          nicolae_vaults_network_quincunx_subvault,
          nicolae_vaults_network_quincunx_subvault], st_greater_box_1,
          v_rooms_4, nicolae_vaults_three_branches, v_misc_8,
          vaults_room_ringed_pool, ontoclasm_vaults_twist,
          minmay_crypt_entry_simple_statues, nicolae_vaults_shelves_hall,
          vaults_mumra_chevron_long, nicolae_vaults_theta,
          hangedman_vaults_cutoff, vaults_room_grid, v_misc_8,
          vaults_room_stairs_pillars, layout_vaults_omnibox, serial_shops, shop,
          uniq_xtahua
Vaults:4: vaults_dpeg_encased_lava, hangedman_vaults_impose, v_misc_4,
          ontoclasm_vaults_claustrophobia, ontoclasm_vaults_eye,
          vaults_room_corners, v_misc_25, grunt_vaults_hallway_long,
          nicolae_vaults_circle_grid_a, hangedman_vaults_trim,
          grunt_vaults_swirl, v_pattern_4, v_misc_8, st_cells,
          layout_vaults_ring
Depths:1: layout_gridville, enter_ziggurat_e, hellmouth_1,
          chequers_serial_rivers_small_a, st_stairs_4,
          chequers_serial_rivers_small_3, wad_scary_box
Depths:2: kennysheep_treasure_stockpile, layout_gridlike, mu_enter_wizlab_7,
          gammafunk_ghost_grave, grunt_hell_entry_dis_grunt, ashenzari_altar_1,
          hangedman_aviary
Depths:3: minmay_the_grid_octo_tiled_octocenter
          [minmay_the_grid_octo_thin_diamonds,
          minmay_the_grid_octo_vomiting_pacman, minmay_the_grid_octo_chip,
          minmay_the_grid_octo_77, minmay_the_grid_octo_prize_square_snowflake,
          minmay_the_grid_square_5x5_two, minmay_the_grid_square_5x5_percent,
          minmay_the_grid_square_5x5_eight_small,
          minmay_the_grid_square_5x5_dogpile], layout_cave_pools,
          rand_demon_pan_entry_8, hell_entry, minmay_staircase_windowed_small

Skill      XL: |  1  2  3  4  5  6  7  8  9 10 11 12 13 14 15 16 17 18 19 20 21 22 |
---------------+-------------------------------------------------------------------+-----
Shields        | 3 4 5 6 7 8 9 10 12 14 15 | 15.0
Unarmed Combat | 3 4 5 6 8 11 14 16 18 19 20 21 22 23 | 23.0
Armour         | 3 4 5 7 9 10 11 12 13 15 16 | 16.0
Fighting       | 4 5 7 8 10 11 12 14 16 20 | 20.0
Dodging        | 1 2 4 5 6 7 8 9 10 | 10.0
Invocations    | 1 4 6 |  6.0
Evocations     | 3 5 |  5.0
Throwing       | 1 5 6 |  6.0

Action                   |  1- 3 |  4- 6 |  7- 9 | 10-12 | 13-15 | 16-18 | 19-21 | 22-24 || total
-------------------------+-------+-------+-------+-------+-------+-------+-------+-------++-------
Melee: Unarmed           |   142 |   186 |   484 |   863 |  2038 |  2294 |  2211 |   710 ||  8928
Throw: Javelin           |       |       |     2 |     3 |    15 |     6 |       |       ||    26
       Throwing net      |       |       |     1 |       |       |       |       |       ||     1
       Dart              |       |       |       |       |       |     4 |       |       ||     4
Invok: Lesser Servant of |       |       |       |       |     1 |     5 |     9 |     5 ||    20
 Abil: Evoke Flight      |       |       |       |       |       |     1 |     1 |     1 ||     3
Evoke: Wand              |       |       |    13 |     4 |     9 |    17 |     2 |       ||    45
  Use: Potion            |       |       |     4 |     1 |       |     5 |     2 |     4 ||    16
       Scroll            |       |       |     1 |     3 |     9 |    27 |     8 |     3 ||    51
 Stab: Paralysed         |       |       |    11 |       |     2 |       |       |       ||    13
       Confused          |       |       |       |       |       |     4 |       |       ||     4
       Distracted        |       |       |       |       |       |     1 |     5 |     1 ||     7
       Sleeping          |       |       |       |       |       |     4 |       |       ||     4
  Eat: Chunk             |    10 |    17 |    19 |    46 |    74 |   100 |    91 |    50 ||   407
       Ration            |       |       |       |     2 |       |       |       |       ||     2
Armor: Scale mail        |    56 |    19 |       |       |       |       |   286 |   312 ||   673
       Leather armour    |       |    49 |   214 |    73 |       |       |       |       ||   336
       Plate armour      |       |       |       |   288 |   976 |  1464 |   720 |       ||  3448
       Fire dragon scale |       |       |       |       |       |       |    15 |       ||    15
Dodge: Dodged            |    56 |    60 |   169 |   213 |   455 |  1097 |   957 |   250 ||  3257
Block: Kite shield       |    67 |    92 |   225 |   348 |   747 |       |       |   191 ||  1670
       Buckler           |       |       |       |       |    79 |   772 |   495 |       ||  1346
       Reflection        |       |       |       |       |     1 |    15 |    25 |       ||    41
       Tower shield      |       |       |       |       |       |       |   825 |   351 ||  1176

Table legend:
 A = Non-vault XP
 B = Vault XP
 C = Vault XP percentage of total XP
 D = Non-vault monster count
 E = Vault monster count
 F = Vault count percentage of total count
                 A         B        C        D         E       F
            +---------+---------+-------+---------+---------+-------
      Total |  387174 |  317449 |  45.1 |    1162 |     589 |  33.6
            +---------+---------+-------+---------+---------+-------
        D:1 |      25 |       1 |   3.8 |      15 |       1 |   6.2
        D:2 |     214 |       0 |   0.0 |      33 |       0 |   0.0
        D:3 |     127 |       0 |   0.0 |      21 |       0 |   0.0
        D:4 |     309 |     301 |  49.3 |      16 |       3 |  15.8
        D:5 |     361 |     343 |  48.7 |      21 |       3 |  12.5
        D:6 |     660 |     340 |  34.0 |      22 |       2 |   8.3
        D:7 |    1206 |    1432 |  54.3 |      25 |       2 |   7.4
        D:8 |    1151 |       0 |   0.0 |      23 |       0 |   0.0
        D:9 |    2819 |     592 |  17.4 |      22 |       6 |  21.4
       D:10 |    2836 |    1730 |  37.9 |      36 |      24 |  40.0
       D:11 |    6190 |    2167 |  25.9 |      40 |      14 |  25.9
       D:12 |    7491 |    3564 |  32.2 |      39 |      26 |  40.0
       D:13 |    8312 |    1763 |  17.5 |      32 |       3 |   8.6
       D:14 |    4469 |    3531 |  44.1 |      16 |      11 |  40.7
       D:15 |    7772 |    6225 |  44.5 |      13 |      10 |  43.5
     Lair:1 |    3705 |     520 |  12.3 |      19 |       6 |  24.0
     Lair:2 |    6344 |    2813 |  30.7 |      27 |       9 |  25.0
     Lair:3 |    5150 |    1608 |  23.8 |      24 |       6 |  20.0
     Lair:4 |    4498 |     394 |   8.1 |      22 |       3 |  12.0
     Lair:5 |    1363 |       0 |   0.0 |       6 |       0 |   0.0
     Lair:6 |   14847 |    8188 |  35.5 |      48 |      44 |  47.8
    Swamp:1 |    8336 |       0 |   0.0 |      23 |       0 |   0.0
    Swamp:2 |   12429 |       0 |   0.0 |      38 |       0 |   0.0
    Swamp:3 |    4864 |    3683 |  43.1 |      10 |       1 |   9.1
    Swamp:4 |   18339 |   17193 |  48.4 |      57 |      22 |  27.8
   Spider:1 |   21583 |    1838 |   7.8 |      55 |       6 |   9.8
   Spider:2 |    9715 |     547 |   5.3 |      31 |       1 |   3.1
   Spider:3 |   12896 |    1350 |   9.5 |      43 |       4 |   8.5
   Spider:4 |    6061 |   36581 |  85.8 |      19 |      72 |  79.1
      Orc:1 |    2210 |    3531 |  61.5 |      17 |       7 |  29.2
      Orc:2 |    1847 |    8537 |  82.2 |      20 |      67 |  77.0
   Vaults:1 |   19345 |   18221 |  48.5 |      42 |      23 |  35.4
   Vaults:2 |   33495 |   27358 |  45.0 |      67 |      32 |  32.3
   Vaults:3 |   18839 |   55500 |  74.7 |      33 |      53 |  61.6
   Vaults:4 |   45607 |   33942 |  42.7 |      64 |      39 |  37.9
   Depths:1 |   34006 |   10013 |  22.7 |      47 |      15 |  24.2
   Depths:2 |   36950 |   37779 |  50.6 |      47 |      30 |  39.0
   Depths:3 |   20803 |    2678 |  11.4 |      29 |       4 |  12.1
     Bailey |       0 |    1162 | 100.0 |       0 |       6 | 100.0
     WizLab |       0 |   22024 | 100.0 |       0 |      34 | 100.0
            +---------+---------+-------+---------+---------+-------
